Map: Ley Lines

Players

INexorable

  • Race: Terran Terran
  • Spawn Location: 1:00

Erik - Winner!

  • Race: Zerg Zerg
  • League: Master
  • Spawn Location: 7:00

VOD

Have the link to the VOD?

Description

Time

  • Played on: Jan. 19, 2025, 1:35 p.m.
  • Length: 14:56
Show
View Real Time Build Order
Export as new Build Order

INexorable Terran 

Build Orders: Reaper Expand, Banshee Rush 

Get SALT Encoding   

  12  0:00  SCV  
  13  0:12  SCV  
  14  0:16  Supply Depot  
  14  0:24  SCV  
  15  0:38  SCV  
  15  0:39  Barracks  
  16  0:42  Refinery  
  16  0:50  SCV  
  17  1:02  SCV  
  18  1:14  SCV  
  19  1:26  Orbital Command, Reaper  
  20  1:38  Command Center  
  20  1:46  Supply Depot  
  20  1:52  SCV  
  21  1:58  Marine  
  22  2:04  SCV  
  23  2:10  Factory  
  23  2:16  SCV  
  23  2:19  Refinery  
  23  2:20  Barracks Reactor  
  24  2:28  SCV  
  25  2:40  SCV  
  26  2:50  Orbital Command  
  26  2:52  SCV  
  26  2:54  Starport  
  27  3:01  Hellion x2  
  27  3:02  Barracks Tech Lab  
  27  3:04  SCV  
  32  3:16  SCV  
  32  3:17  SCV  
  34  3:22  Hellion x2  
  38  3:28  SCV  
  38  3:29  SCV  
  40  3:39  Banshee  
  40  3:40  SCV, Cloaking Field  
  40  3:41  SCV  
  45  3:45  Supply Depot  
  45  3:52  SCV  
  46  3:56  SCV  
  46  4:05  Command Center  
  46  4:06  SCV  
  46  4:07  Supply Depot, Factory Reactor  
  46  4:08  SCV  
  48  4:16  Barracks Tech Lab  
  48  4:17  Barracks  
  48  4:19  SCV  
  48  4:21  Barracks, SCV  
  50  4:26  Banshee  
  53  4:32  SCV  
  53  4:33  SCV  
  53  4:34  Stimpack  
  53  4:35  Marine  
  56  4:45  SCV x2  
  53  4:53  Engineering Bay  
  53  4:54  Engineering Bay  
  53  4:57  SCV  
  53  4:58  SCV  
  53  4:59  Marine  
  56  5:06  Marine x2  
  58  5:09  SCV  
  58  5:10  SCV, Refinery x2  
  58  5:13  Supply Depot  
  60  5:18  Orbital Command  
  60  5:21  SCV  
  61  5:22  SCV  
  61  5:23  Terran Infantry Armor Level 1  
  61  5:24  Starport Reactor, Terran Infantry Weapons Level 1  
  61  5:26  Marine  
  61  5:27  Marine  
  64  5:30  Marine  
  64  5:33  SCV, Marine  
  67  5:39  SCV  
  67  5:40  Marine  
  67  5:41  Supply Depot  
  67  5:44  Marine  
  67  5:47  Supply Depot  
  67  5:48  Marine  
  69  5:50  Supply Depot  
  69  5:54  SCV, Marine x2  
  69  5:57  Siege Tank  
  69  5:58  Orbital Command  
  69  6:02  Marine  
  69  6:03  Marine  
  75  6:10  Marine  
  75  6:11  Barracks  
  75  6:13  Barracks  
  75  6:14  Medivac  
  75  6:17  Medivac  
  75  6:18  Marine  
  80  6:21  Marine x3  
  80  6:24  Combat Shield  
  83  6:27  SCV x2  
  83  6:32  Marine  
  86  6:35  Siege Tank, Marine  
  86  6:38  SCV  
  86  6:39  SCV  
  92  6:40  Marine x2  
  92  6:41  Marine  
  92  6:42  SCV  
  96  6:48  Armory  
  96  6:50  Medivac  
  96  6:52  Medivac  
  96  6:53  Marine  
  101  6:55  SCV x2, Refinery  
  101  6:56  SCV  
  101  7:00  Marine  
  105  7:02  Marine  
  105  7:03  Marine  
  105  7:07  SCV  
  108  7:09  Barracks Reactor  
  108  7:11  Barracks Reactor  
  90  7:16  Command Center  
  90  7:17  SCV  
  90  7:21  SCV, Marine  
  84  7:24  Marine x4  
  84  7:28  SCV  
  84  7:29  SCV  
  90  7:35  SCV  
  79  7:39  Marine  
  79  7:40  SCV  
  79  7:42  Terran Infantry Weapons Level 2, Terran Infantry Armor Level 2, Marine x2  
  83  7:46  SCV  
  83  7:47  SCV  
  83  7:49  Marine x2  
  85  7:52  SCV  
  85  7:58  SCV  
  86  7:59  SCV, Marine  
  86  8:04  SCV, Marine  
  89  8:09  Marine  
  89  8:10  SCV  
  89  8:12  SCV, Marine x2  
  91  8:14  Marine x2  
  91  8:15  Marine  
  91  8:16  SCV, Marine  
  91  8:17  Marine  
  97  8:21  Siege Tank  
  97  8:22  SCV  
  97  8:24  SCV  
  97  8:25  Factory, Refinery  
  97  8:27  Terran Vehicle Weapons Level 1  
  102  8:28  SCV  
  102  8:30  Supply Depot  
  102  8:33  Marine x4  
  107  8:34  Marine  
  107  8:38  SCV x2  
  107  8:40  Supply Depot, SCV  
  111  8:42  Supply Depot  
  111  8:43  Concussive Shells  
  111  8:47  Marine  
  112  8:51  Supply Depot x2  
  112  8:54  Marine  
  112  8:55  SCV x3, Marauder  
  118  9:00  Supply Depot  
  118  9:05  Marine  
  118  9:06  Siege Tank, Marine  
  118  9:07  Marine  
  124  9:16  Factory Tech Lab  
  123  9:22  Supply Depot  
  123  9:23  Supply Depot  
  123  9:25  Barracks  
  123  9:26  Barracks x2  
  123  9:28  Marine  
  123  9:29  Marine  
  124  9:34  SCV x2  
  126  9:40  Supply Depot  
  126  9:42  Siege Tank x2, Liberator  
  126  9:43  Liberator  
  126  9:45  SCV  
  139  9:46  SCV  
  139  9:52  Ghost Academy  
  142  9:53  Marauder  
  142  9:59  Marine  
  141  10:03  Marine  
  140  10:07  Marine  
  140  10:11  Marine  
  133  10:14  Marine, Marauder  
  133  10:17  Siege Tank  
  133  10:19  Planetary Fortress, Barracks Tech Lab x3  
  137  10:21  Missile Turret  
  137  10:23  SCV  
  137  10:24  SCV, Terran Infantry Weapons Level 3, Missile Turret  
  137  10:27  Terran Infantry Armor Level 3  
  139  10:34  Supply Depot  
  139  10:37  Liberator  
  139  10:38  Liberator  
  145  10:48  Sensor Tower  
  145  10:50  Terran Ship Weapons Level 1  
  145  10:56  Starport, Fusion Core  
  145  10:57  Refinery  
  145  10:59  Refinery, Barracks Tech Lab, Marauder x2  
  145  11:03  Marine, Marauder  
  145  11:04  Marauder  
  154  11:10  Supply Depot  
  151  11:15  Command Center  
  151  11:21  Marauder  
  151  11:25  Marine, Marauder  
  155  11:30  Marine  
  155  11:31  Marauder, Marine x2  
  155  11:32  Siege Tank, Marauder  
  156  11:38  Marine  
  156  11:39  SCV, Marauder  
  129  11:42  SCV, Marine, Marauder  
  129  11:44  Liberator x2  
  129  11:45  Liberator  
  129  11:46  Marine  
  136  11:47  Marine  
  136  11:48  Marine  
  136  11:50  Marine  
  136  11:51  Orbital Command  
  136  11:53  Marine  
  136  11:54  Marauder  
  138  11:56  Marine  
  138  11:58  Marine  
  138  12:00  Marauder  
  140  12:02  Siege Tank  
  142  12:20  Refinery  
  142  12:23  Ghost x2  
  142  12:27  Supply Depot, SCV x3, Siege Tank  
  142  12:28  Ghost  
  157  12:33  Ghost  
  160  12:39  Marine  
  160  12:41  Marine  
  160  12:44  SCV, Marine  
  162  12:46  Marine  
  162  12:47  Ghost  
  162  12:48  SCV, Marine  
  162  12:49  SCV  
  163  12:52  Marauder  
  163  12:54  Orbital Command  
  161  13:02  SCV x2  
  161  13:05  Marine  
  160  13:06  Marauder  
  160  13:09  Orbital Command, Marine  
  160  13:10  SCV  
  162  13:14  SCV, Marine  
  162  13:16  Marine  
  165  13:21  SCV  
  165  13:23  SCV  
  168  13:31  Marine  
  169  13:35  SCV x2  
  169  13:40  Marine  
  171  13:50  Missile Turret  
  171  13:52  SCV x2  
  171  13:53  SCV  
  177  14:00  Siege Tank  
  177  14:01  Siege Tank  
  177  14:02  Orbital Command  
  177  14:07  Marine  
  172  14:29  Supply Depot  
  172  14:38  Marine  
Show
View Real Time Build Order
Export as new Build Order

Erik Zerg - Winner!

Build Orders: Pool First, Lurkers 

Get SALT Encoding   

  12  0:00  Drone  
  13  0:07  Drone  
  14  0:14  Extractor, Drone  
  15  0:21  Overlord  
  15  0:37  Spawning Pool  
  15  0:39  Drone  
  15  0:43  Drone  
  15  0:46  Drone  
  17  1:05  Hatchery  
  17  1:09  Drone  
  17  1:12  Drone  
  18  1:23  Queen  
  20  1:26  Zergling x2  
  21  1:43  Hatchery  
  21  1:46  Drone  
  21  1:48  Extractor  
  21  1:53  Overlord  
  20  1:59  Drone  
  21  2:05  Drone  
  22  2:12  Drone  
  23  2:22  Drone x2  
  27  2:30  Drone  
  27  2:31  Drone  
  27  2:33  Drone x2  
  28  2:40  Drone  
  29  2:44  Hatchery  
  29  2:45  Drone  
  29  2:55  Queen  
  31  2:58  Overlord  
  31  3:03  Drone x2  
  33  3:07  Drone x2  
  33  3:09  Drone  
  36  3:14  Metabolic Boost  
  36  3:18  Drone x2  
  38  3:20  Drone  
  39  3:27  Spore Crawler  
  39  3:30  Drone x3  
  42  3:35  Zergling x2  
  42  3:36  Queen  
  42  3:40  Baneling Nest  
  44  3:42  Zergling x4  
  46  3:49  Evolution Chamber  
  46  3:50  Drone  
  46  3:52  Drone x2  
  46  3:54  Drone  
  49  3:56  Drone  
  49  3:57  Drone  
  49  3:59  Drone  
  53  4:04  Overlord  
  53  4:08  Drone x3  
  56  4:12  Overlord  
  56  4:21  Queen  
  56  4:22  Queen  
  56  4:23  Overlord  
  58  4:25  Drone x4  
  62  4:33  Zergling x8  
  62  4:37  Drone x3  
  62  4:38  Drone  
  70  4:42  Drone  
  70  4:43  Drone x2  
  70  4:44  Lair  
  73  4:47  Drone  
  73  4:49  Drone  
  72  4:55  Zergling x4  
  74  5:00  Spore Crawler  
  74  5:03  Extractor  
  74  5:04  Extractor x2, Zergling x2  
  74  5:05  Zergling x6  
  74  5:13  Spore Crawler, Hatchery  
  72  5:17  Drone x4  
  72  5:20  Drone x3  
  79  5:23  Spore Crawler, Drone  
  79  5:25  Drone  
  80  5:41  Overlord  
  80  5:42  Drone x4  
  80  5:44  Overlord  
  80  5:47  Overlord, Spore Crawler  
  80  5:49  Overseer  
  79  5:50  Overseer  
  79  5:55  Zergling x2  
  79  5:56  Zergling x4  
  80  6:00  Zergling x16  
  80  6:01  Evolution Chamber  
  80  6:02  Evolution Chamber  
  86  6:10  Zergling x12  
  92  6:12  Baneling, Centrifugal Hooks  
  92  6:13  Baneling x4  
  92  6:17  Drone x2  
  92  6:18  Zergling x8  
  96  6:20  Drone  
  96  6:30  Zergling x18  
  105  6:34  Zerg Melee Weapons Level 1  
  105  6:36  Zerg Ground Armor Level 1  
  105  6:42  Drone x5  
  105  6:46  Overlord x2  
  110  6:51  Baneling x5  
  110  6:53  Overlord  
  110  6:55  Overlord  
  110  6:56  Baneling x5  
  110  6:57  Baneling x2  
  110  6:58  Baneling  
  109  7:07  Zergling x16  
  109  7:08  Zergling x2  
  106  7:21  Zergling x24  
  112  7:27  Zergling x2  
  111  7:34  Zergling x2  
  111  7:35  Infestation Pit, Zergling x20  
  110  7:48  Burrow  
  110  7:49  Drone x5  
  114  7:56  Zergling x2  
  114  7:57  Zergling x6  
  108  8:11  Zergling x14  
  108  8:12  Zergling x6  
  112  8:14  Hive  
  112  8:16  Drone x4  
  112  8:17  Drone  
  117  8:20  Drone x4  
  117  8:21  Zergling x2  
  117  8:23  Hydralisk Den  
  121  8:27  Spore Crawler  
  121  8:28  Baneling x9  
  121  8:30  Hatchery  
  121  8:34  Overlord  
  119  8:37  Baneling  
  119  8:38  Baneling x4  
  119  8:40  Zerg Ground Armor Level 2, Zerg Melee Weapons Level 2  
  119  8:46  Baneling x2  
  119  8:47  Baneling, Zergling x2  
  119  8:48  Zergling x16  
  128  8:55  Pneumatized Carapace  
  128  8:57  Muscular Augments  
  128  9:07  Zergling x2  
  128  9:08  Zergling x28  
  139  9:18  Zergling x2  
  139  9:19  Zergling x4  
  142  9:27  Overlord  
  141  9:35  Overlord  
  141  9:37  Overlord x3  
  141  9:40  Drone  
  141  9:41  Extractor x2, Drone x2, Lurker Den  
  141  9:42  Drone x5  
  141  9:44  Queen  
  148  9:48  Extractor, Hydralisk x4  
  148  9:50  Overlord, Extractor  
  148  9:51  Overlord x4  
  114  10:15  Zergling x42  
  114  10:20  Grooved Spines  
  135  10:22  Hydralisk x5  
  135  10:28  Baneling x9  
  145  10:29  Hydralisk  
  145  10:30  Hydralisk  
  145  10:34  Zergling x18  
  158  10:38  Baneling x7  
  158  10:47  Spore Crawler  
  157  10:52  Zergling x28  
  157  10:54  Spore Crawler x2  
  157  10:56  Zergling x2  
  172  10:57  Zergling x6  
  172  11:00  Adaptive Talons  
  172  11:03  Zerg Melee Weapons Level 3  
  173  11:10  Drone  
  174  11:12  Zerg Ground Armor Level 3  
  174  11:16  Zergling x12  
  174  11:17  Zergling x2  
  181  11:21  Baneling  
  181  11:22  Baneling x4  
  181  11:24  Zergling x8  
  154  11:39  Zergling x28  
  153  11:50  Drone  
  153  12:00  Zergling x2  
  153  12:01  Zergling x34  
  153  12:03  Lurker  
  153  12:04  Lurker x2  
  153  12:05  Lurker  
  152  12:18  Adrenal Glands  
  152  12:19  Hydralisk x3  
  158  12:26  Baneling  
  158  12:27  Baneling x4  
  158  12:30  Hydralisk x3  
  158  12:35  Baneling x9  
  158  12:36  Baneling  
  164  12:44  Zergling x14  
  165  12:57  Spore Crawler x2  
  161  13:04  Seismic Spines  
  161  13:09  Viper x2  
  161  13:10  Hydralisk  
  161  13:11  Hydralisk x3  
  167  13:13  Unknown  
  167  13:19  Zergling x14  
  171  13:26  Drone x5  
  173  13:29  Lurker x3  
  173  13:30  Lurker  
  173  13:32  Lurker x2  
  169  13:47  Zergling x2  
  169  13:48  Zergling x26  
  171  13:58  Nydus Network  
  171  14:00  Hydralisk  
  172  14:07  Zergling x12  
  172  14:09  Extractor  
  166  14:13  Extractor  
  150  14:17  Hatchery, Hydralisk  
  150  14:18  Hydralisk x4  
  159  14:28  Lurker x4  
  163  14:32  Overseer x4  
  163  14:35  Zergling x18  
Tags
 
Composition
Lurkers
League
Master
Matchup
TvZ
Player
Erik
Spawn Locations
Cross Positions
Strategy
Banshee Rush
Add a new tag
Caveats
  • Supply blocks, unpowered buildings, or Contaminate may cause inaccurate times.
  • Supply counts are checked every 10 seconds.